Sasquatch vs Mulligans
Created - March 1, 2020 at 20:16
Goals
|
| Sasquatch |
2 |
2 |
2 |
6 |
| Mulligans |
2 |
0 |
0 |
2 |
|
Shots
|
| Sasquatch |
11 |
13 |
17 |
41 |
| Mulligans |
9 |
7 |
13 |
29 |
|
1st period
1. Sasquatch , Jujhar Khaira 29 (Matt Halischuk 44, Devin Shore 50) at 10:34
2. Sasquatch , Matt Halischuk 29 (Jujhar Khaira 26, Devin Shore 51) at 11:15
3. Mulligans , Logan Shaw 28 (Maxime Macenauer 30, Darren Dietz 18) at 15:22
4. Mulligans , Eric Tangradi 42 (Anton Lander 63) at 16:44 (PP)
Penalties :
Sam Bennett (Rep) for Interference (Minor) at 1:02, Sergey Kalinin (Gat) for Interference (Minor) at 16:05
2nd period
5. Sasquatch , Jujhar Khaira 30 (Matt Halischuk 45, Devin Shore 52) at 1:15
6. Sasquatch , Quinton Howden 13 (Teemu Hartikainen 14, Ian Cole 27) at 17:00
Penalties :
Jonathan Ferland (Rep) for Holding (Minor) at 6:08, Matt Beleskey (Rep) for Tripping (Minor) at 12:57, Garret Ross (Gat) for Hooking (Minor) at 17:45
3rd period
7. Sasquatch , Jujhar Khaira 31 (Matt Halischuk 46, Brett Pesce 12) at 17:31
8. Sasquatch , Devin Shore 20 (Dmitri Orlov 20) at 19:00
Penalties :
Dylan DeMelo (Gat) for Holding (Minor) at 9:24
Goalie Stats
Joonas Korpisalo (Gat), 27 saves from 29 shots - (0.931), W, 25-14-3, 60:00 minutes
Calvin Pickard (Rep), 35 saves from 41 shots - (0.854), L, 19-15-4, 60:00 minutes
Players Stats for Sasquatch
Player Name G A P +/- PIM S H SB GA TA FO MP PP MP PK MP
------------------------------------------------------------------------------------
Brett Pesce 0 1 1 2 0 2 0 0 1 1 0/0 16:51 2:20 0:39
Brock Trotter 0 0 0 0 0 1 0 0 0 0 0/0 7:55 0:00 0:23
Christoffer Ehn 0 0 0 0 0 1 2 1 0 0 3/5 10:09 2:31 0:00
Devin Shore 1 3 4 5 0 3 2 1 1 0 11/30 20:24 3:26 0:31
Dmitri Orlov 0 1 1 3 0 0 0 0 0 0 0/0 16:36 2:20 0:19
Dylan DeMelo 0 0 0 2 2 2 1 0 1 1 0/0 14:07 0:12 0:54
Dylan Sikura 0 0 0 0 0 0 1 0 0 0 0/0 11:06 0:00 0:00
Garret Ross 0 0 0 0 2 1 6 0 0 0 0/1 17:38 3:26 0:00
Ian Cole 0 1 1 1 0 5 1 1 1 0 0/0 23:53 3:25 1:52
Jerry D'Amigo 0 0 0 0 0 0 0 0 0 1 0/0 8:46 0:00 1:05
Jujhar Khaira 3 1 4 5 0 5 1 1 0 2 1/2 21:53 2:31 2:51
Martin Marincin 0 0 0 1 0 3 0 4 0 0 0/0 21:01 0:12 2:45
Matt Halischuk 1 3 4 5 0 3 3 0 1 1 1/3 19:53 3:26 0:00
Patrick Wey 0 0 0 1 0 3 0 3 1 1 0/0 27:35 3:25 2:45
Petr Straka 0 0 0 0 0 2 3 1 1 0 1/1 17:44 2:31 1:01
Quinton Howden 1 0 1 0 0 5 2 0 0 0 4/9 11:06 0:00 0:00
Sergey Kalinin 0 0 0 0 2 4 0 0 2 0 5/15 16:23 0:00 2:18
Teemu Hartikainen 0 1 1 0 0 1 1 1 1 1 0/0 12:20 0:00 1:05
Players Stats for Mulligans
Player Name G A P +/- PIM S H SB GA TA FO MP PP MP PK MP
------------------------------------------------------------------------------------
Anton Lander 0 1 1 -1 0 1 1 0 0 0 24/41 22:19 2:25 3:37
Ben Hutton 0 0 0 -1 0 0 1 2 0 1 0/0 20:42 2:12 2:45
Cody Goloubef 0 0 0 -4 0 2 1 3 2 1 0/0 28:17 2:25 3:12
Cristiano Digiacinto 0 0 0 0 0 0 0 0 0 0 0/0 0:00 0:00 0:00
Dalton Thrower 0 0 0 0 0 1 2 1 0 0 0/0 11:01 0:00 0:00
Darren Dietz 0 1 1 -1 0 1 2 1 0 1 0/0 20:42 2:12 2:45
Drayson Bowman 0 0 0 -3 0 2 0 0 2 2 0/0 11:34 0:00 0:00
Eric Tangradi 1 0 1 -1 0 4 1 1 1 0 0/0 22:28 2:25 3:45
John Hayden 0 0 0 0 0 0 0 0 0 0 0/0 0:48 0:00 0:47
Jonathan Ferland 0 0 0 -1 2 3 2 1 0 0 1/1 19:57 2:25 1:21
Jonny Brodzinski 0 0 0 0 0 0 0 0 0 0 0/0 0:00 0:00 0:00
Joonas Donskoi 0 0 0 -3 0 1 2 1 0 0 0/0 11:34 0:00 0:00
Logan Shaw 1 0 1 0 0 5 4 0 0 0 0/0 16:33 2:12 0:00
Matt Beleskey 0 0 0 0 2 1 0 0 0 1 0/0 16:33 2:12 0:00
Maxime Macenauer 0 1 1 0 0 1 2 0 1 0 13/18 18:27 2:12 1:54
Michael Sdao 0 0 0 -4 0 1 0 1 0 3 0/0 27:59 2:25 2:54
Nick Moutrey 0 0 0 0 0 0 0 0 0 0 0/0 0:15 0:00 0:15
Reid Boucher 0 0 0 0 0 0 0 0 0 0 0/0 0:00 0:00 0:00
Robbie Russo 0 0 0 0 0 0 0 1 0 1 0/0 11:19 0:00 0:18
Robby Fabbri 0 0 0 -1 0 1 2 0 1 0 0/1 7:13 0:00 0:00
Sam Bennett 0 0 0 -3 2 0 1 0 1 0 2/5 11:38 0:00 0:00
Sven Baertschi 0 0 0 -1 0 4 2 0 0 0 0/0 7:28 0:00 0:15
Valeri Nichushkin 0 0 0 -1 0 1 0 0 0 0 0/0 7:13 0:00 0:00
3 Stars
1 - Jujhar Khaira (Gat)
2 - Matt Halischuk (Gat)
3 - Devin Shore (Gat)
Power Play
Sasquatch - 0 on 3 Attempt(s) - 0.00%
Mulligans - 1 on 3 Attempt(s) - 33.33%
Penalty Kill
Sasquatch - 2 on 3 Attempt(s) - 66.67%
- Score 0 goal in Penalty Kill
Mulligans - 3 on 3 Attempt(s) - 100.00%
- Score 0 goal in Penalty Kill
Team Stat
Sasquatch - Hits : 23 - Faceoff Wins : 26 - Blocked Shots : 13 - Penalty Minutes : 6
Mulligans - Hits : 23 - Faceoff Wins : 40 - Blocked Shots : 12 - Penalty Minutes : 6
Official
Referees : Unknown
Linesman : Unknown
Game Notes
Jujhar Khaira has scored a Hat Trick!
Finance
Level 1 -- Attendance: 2000 (100.00%) -- Ticket Income $40,000
Level 2 -- Attendance: 1000 (100.00%) -- Ticket Income $10,000
Total Attendance: 3000 (100.00%)
Total Ticket Income: $50,000
Other Income: $2,500
Total Income: $52,500
Sasquatch
5 vs 5 Forward
Center Left Wing Right Wing Time % Phy DF OF
1 Devin Shore Jujhar Khaira Matt Halischuk 40 1 2 2
2 Sergey Kalinin Garret Ross Petr Straka 30 1 2 2
3 Quinton Howden Teemu Hartikainen Dylan Sikura 20 1 2 2
4 Christoffer Ehn Brock Trotter Jerry D'Amigo 10 1 2 2
5 vs 5 Defense
Defense Defense Time % Phy DF OF
1 Ian Cole Patrick Wey 40 1 2 2
2 Brett Pesce Martin Marincin 30 1 2 2
3 Dmitri Orlov Dylan DeMelo 20 1 2 2
4 Martin Marincin Patrick Wey 10 1 2 2
PowerPlay Forward
Center Left Wing Right Wing Time % Phy DF OF
1 Devin Shore Garret Ross Matt Halischuk 60 1 2 2
2 Christoffer Ehn Jujhar Khaira Petr Straka 40 1 2 2
PowerPlay Defense
Defense Defense Time % Phy DF OF
1 Ian Cole Patrick Wey 60 1 2 2
2 Dmitri Orlov Brett Pesce 40 1 2 2
Penalty Kill 4 Players Forward
Center Wing Time % Phy DF OF
1 Sergey Kalinin Jujhar Khaira 60 1 2 2
2 Jerry D'Amigo Teemu Hartikainen 40 1 2 2
Penalty Kill 4 Players Defense
Defense Defense Time % Phy DF OF
1 Patrick Wey Martin Marincin 60 1 2 2
2 Dylan DeMelo Ian Cole 40 1 2 2
Penalty Kill - 3 Players Forward
Forward Time % Phy DF OF
1 Brock Trotter 60 1 2 2
2 Quinton Howden 40 1 2 2
Penalty Kill - 3 Players Defense
Defense Defense Time % Phy DF OF
1 Ian Cole Martin Marincin 60 1 2 2
2 Patrick Wey Dylan DeMelo 40 1 2 2
4 vs 4 Forward
Center Wing Time % Phy DF OF
1 Quinton Howden Matt Halischuk 60 1 2 2
2 Sergey Kalinin Jujhar Khaira 40 1 2 2
4 vs 4 Defense
Defense Defense Time % Phy DF OF
1 Ian Cole Martin Marincin 60 1 2 2
2 Patrick Wey Brett Pesce 40 1 2 2
Last Minutes Offensive
Center Left Wing Right Wing Defense Defense
Devin Shore Jujhar Khaira Matt Halischuk Ian Cole Dmitri Orlov
Last Minutes Defensive
Center Left Wing Right Wing Defense Defense
Sergey Kalinin Teemu Hartikainen Matt Halischuk Martin Marincin Patrick Wey
Goaltenders
Starting : Joonas Korpisalo
Backup : Corey Crawford
Extra Forwards
Normal : Christoffer Ehn, Devin Shore, Petr Straka - PP : Sergey Kalinin, Quinton Howden - PK : Petr Straka
Extra Defensemen
Normal : Dmitri Orlov, Brett Pesce, Dylan DeMelo - PP : Brett Pesce - PK : Brett Pesce, Dmitri Orlov
Penalty Shots
Devin Shore, Matt Halischuk, Petr Straka, Brock Trotter, Garret Ross
Scratches
T.J. Tynan (Sprained Right Knee Injury), Jimmy Vesey (Right Forearm Injury), Nikita Nesterov (Healthy), Hudson Fasching (Healthy), Alex Lintuniemi (Healthy)
Cal Petersen (Healthy)
Mulligans
5 vs 5 Forward
Center Left Wing Right Wing Time % Phy DF OF
1 Anton Lander Eric Tangradi Jonathan Ferland 40 1 2 2
2 Maxime Macenauer Matt Beleskey Logan Shaw 30 1 2 2
3 Sam Bennett Drayson Bowman Joonas Donskoi 20 1 2 2
4 Robby Fabbri Sven Baertschi Valeri Nichushkin 10 1 2 2
5 vs 5 Defense
Defense Defense Time % Phy DF OF
1 Cody Goloubef Michael Sdao 40 1 2 2
2 Ben Hutton Darren Dietz 30 1 2 2
3 Dalton Thrower Robbie Russo 20 1 2 2
4 Cody Goloubef Michael Sdao 10 1 2 2
PowerPlay Forward
Center Left Wing Right Wing Time % Phy DF OF
1 Anton Lander Eric Tangradi Jonathan Ferland 60 1 2 2
2 Maxime Macenauer Matt Beleskey Logan Shaw 40 1 2 2
PowerPlay Defense
Defense Defense Time % Phy DF OF
1 Cody Goloubef Michael Sdao 60 1 2 2
2 Ben Hutton Darren Dietz 40 1 2 2
Penalty Kill 4 Players Forward
Center Wing Time % Phy DF OF
1 Anton Lander Eric Tangradi 60 1 2 2
2 Jonathan Ferland Maxime Macenauer 40 1 2 2
Penalty Kill 4 Players Defense
Defense Defense Time % Phy DF OF
1 Cody Goloubef Michael Sdao 60 1 2 2
2 Ben Hutton Darren Dietz 40 1 2 2
Penalty Kill - 3 Players Forward
Forward Time % Phy DF OF
1 Anton Lander 60 1 2 2
2 Eric Tangradi 40 1 2 2
Penalty Kill - 3 Players Defense
Defense Defense Time % Phy DF OF
1 Cody Goloubef Michael Sdao 60 1 2 2
2 Ben Hutton Darren Dietz 40 1 2 2
4 vs 4 Forward
Center Wing Time % Phy DF OF
1 Anton Lander Eric Tangradi 60 1 2 2
2 Jonathan Ferland Maxime Macenauer 40 1 2 2
4 vs 4 Defense
Defense Defense Time % Phy DF OF
1 Cody Goloubef Michael Sdao 60 1 2 2
2 Ben Hutton Darren Dietz 40 1 2 2
Last Minutes Offensive
Center Left Wing Right Wing Defense Defense
Anton Lander Eric Tangradi Jonathan Ferland Cody Goloubef Michael Sdao
Last Minutes Defensive
Center Left Wing Right Wing Defense Defense
Anton Lander Eric Tangradi Jonathan Ferland Cody Goloubef Michael Sdao
Goaltenders
Starting : Calvin Pickard
Backup : Juuse Saros
Extra Forwards
Normal : Reid Boucher, Jonny Brodzinski, John Hayden - PP : Reid Boucher, Jonny Brodzinski - PK : John Hayden
Extra Defensemen
Normal : Dalton Thrower, Robbie Russo, Ben Hutton - PP : Dalton Thrower - PK : Robbie Russo, Ben Hutton
Penalty Shots
Anton Lander, Eric Tangradi, Jonathan Ferland, Maxime Macenauer, Matt Beleskey
Scratches
Cade Fairchild (Back Spasms Injury)
% Time on Ice - Sasquatch
Lines # - Real PCT - Wanted PCT - Time Play
Normal Forward
1 - 33% - 40% - 16:27
2 - 29% - 30% - 14:21
3 - 22% - 20% - 11:06
4 - 15% - 10% - 7:32
Normal Defense
1 - 40% - 40% - 19:40
2 - 28% - 30% - 13:52
3 - 26% - 20% - 12:58
4 - 6% - 10% - 2:56
PP Forward
1 - 58% - 60% - 3:26
2 - 42% - 40% - 2:31
PP Defense
1 - 61% - 60% - 3:37
2 - 39% - 40% - 2:20
PK Forward
1 - 77% - 60% - 3:32
2 - 23% - 40% - 1:05
PK Defense
1 - 60% - 60% - 2:45
2 - 40% - 40% - 1:52
PK3 Forward
1 - 0% - 60%
2 - 0% - 40%
PK3 Defense
1 - 0% - 60%
2 - 0% - 40%
44 Forward
1 - 0% - 60%
2 - 0% - 40%
44 Defense
1 - 0% - 60%
2 - 0% - 40%
Last Minute Offensive - 0:00
Last Minute Defensive - 0:00
Total
Forward - 60:00
Defense - 60:00
|
% Time on Ice - Mulligans
Lines # - Real PCT - Wanted PCT - Time Play
Normal Forward
1 - 33% - 40% - 16:18
2 - 29% - 30% - 14:21
3 - 23% - 20% - 11:34
4 - 15% - 10% - 7:13
Normal Defense
1 - 41% - 40% - 20:02
2 - 32% - 30% - 15:45
3 - 22% - 20% - 11:01
4 - 5% - 10% - 2:38
PP Forward
1 - 52% - 60% - 2:25
2 - 48% - 40% - 2:12
PP Defense
1 - 52% - 60% - 2:25
2 - 48% - 40% - 2:12
PK Forward
1 - 68% - 60% - 4:03
2 - 32% - 40% - 1:54
PK Defense
1 - 54% - 60% - 3:12
2 - 46% - 40% - 2:45
PK3 Forward
1 - 0% - 60%
2 - 0% - 40%
PK3 Defense
1 - 0% - 60%
2 - 0% - 40%
44 Forward
1 - 0% - 60%
2 - 0% - 40%
44 Defense
1 - 0% - 60%
2 - 0% - 40%
Last Minute Offensive - 0:00
Last Minute Defensive - 0:00
Total
Forward - 60:00
Defense - 60:00
|
Play-by-Play
1st period
0:01 of 1st period - Anton Lander wins face-off versus Devin Shore in neutral zone.
0:50 of 1st period - Slapshot by Quinton Howden.
0:50 of 1st period - Stopped by Calvin Pickard with a rebound.
0:52 of 1st period - Snap shot by Quinton Howden.
0:52 of 1st period - Stopped by Calvin Pickard with a rebound.
0:54 of 1st period - Slapshot by Martin Marincin.
0:54 of 1st period - Deflect By Michael Sdao.
0:54 of 1st period - Stopped by Calvin Pickard with a rebound.
0:56 of 1st period - Snap shot by Teemu Hartikainen.
0:56 of 1st period - Shot Blocked by Cody Goloubef.
1:02 of 1st period - Minor Penalty to Sam Bennett for Interference.
1:03 of 1st period - Anton Lander wins face-off versus Devin Shore in Mulligans zone.
2:42 of 1st period - Patrick Wey is hit by Jonathan Ferland and loses puck.
2:46 of 1st period - Icing by Patrick Wey.
2:47 of 1st period - Anton Lander wins face-off versus Christoffer Ehn in Sasquatch zone.
3:02 of 1st period - Penalty to Sam Bennett is over, Sam Bennett is back on ice.
3:14 of 1st period - Ben Hutton is hit by Quinton Howden and loses puck.
3:46 of 1st period - Wrist shot by Joonas Donskoi.
3:46 of 1st period - Shot Misses the Net.
3:56 of 1st period - Jerry D'Amigo is hit by Logan Shaw and loses puck.
4:36 of 1st period - Snap shot by Valeri Nichushkin.
4:36 of 1st period - Stopped by Joonas Korpisalo with a rebound.
4:42 of 1st period - Sven Baertschi is hit by Matt Halischuk.
5:22 of 1st period - Garret Ross is hit by Sam Bennett and loses puck.
5:50 of 1st period - Eric Tangradi is hit by Dylan Sikura and loses puck.
6:22 of 1st period - Robbie Russo is hit by Garret Ross and loses puck.
6:35 of 1st period - Brock Trotter is hit by Dalton Thrower and loses puck.
6:46 of 1st period - Snap shot by Sven Baertschi.
6:46 of 1st period - Stopped by Joonas Korpisalo with a rebound.
6:48 of 1st period - Slapshot by Sven Baertschi.
6:48 of 1st period - Stopped by Joonas Korpisalo with a rebound.
7:00 of 1st period - Slapshot by Devin Shore.
7:00 of 1st period - Stopped by Calvin Pickard with a rebound.
7:02 of 1st period - Slapshot by Matt Halischuk.
7:02 of 1st period - Deflect By Jujhar Khaira.
7:02 of 1st period - Shot Misses the Net.
7:02 of 1st period - Puck is out of play.
7:03 of 1st period - Anton Lander wins face-off versus Devin Shore in Mulligans zone.
7:03 of 1st period - Anton Lander is hit by Matt Halischuk.
7:09 of 1st period - Dmitri Orlov is hit by Jonathan Ferland.
7:15 of 1st period - Wrist shot by Jujhar Khaira.
7:15 of 1st period - Shot Misses the Net.
7:17 of 1st period - Snap shot by Dmitri Orlov.
7:17 of 1st period - Deflect By Jujhar Khaira.
7:17 of 1st period - Shot Blocked by Darren Dietz.
7:17 of 1st period - Puck is out of play.
7:18 of 1st period - Anton Lander wins face-off versus Sergey Kalinin in Mulligans zone.
7:43 of 1st period - Jujhar Khaira is hit by Cody Goloubef and loses puck.
8:05 of 1st period - Off-side.
8:06 of 1st period - Maxime Macenauer wins face-off versus Quinton Howden in neutral zone.
8:09 of 1st period - Backhand shot by Matt Beleskey.
8:09 of 1st period - Shot Misses the Net.
8:37 of 1st period - Snap shot by Anton Lander.
8:37 of 1st period - Stopped by Joonas Korpisalo with a rebound.
8:41 of 1st period - Snap shot by Jonathan Ferland.
8:41 of 1st period - Shot Misses the Net.
9:14 of 1st period - Snap shot by Sven Baertschi.
9:14 of 1st period - Shot Blocked by Christoffer Ehn.
9:16 of 1st period - Snap shot by Dalton Thrower.
9:16 of 1st period - Stopped by Joonas Korpisalo without a rebound.
9:17 of 1st period - Christoffer Ehn wins face-off versus Robby Fabbri in Sasquatch zone.
9:24 of 1st period - Snap shot by Sven Baertschi.
9:24 of 1st period - Deflect By Robby Fabbri.
9:24 of 1st period - Shot Misses the Net.
9:24 of 1st period - Puck is out of play.
9:25 of 1st period - Anton Lander wins face-off versus Devin Shore in Sasquatch zone.
9:26 of 1st period - Wrist shot by Jonathan Ferland.
9:26 of 1st period - Stopped by Joonas Korpisalo with a rebound.
9:28 of 1st period - Snap shot by Jonathan Ferland.
9:28 of 1st period - Stopped by Joonas Korpisalo without a rebound.
9:29 of 1st period - Devin Shore wins face-off versus Anton Lander in Sasquatch zone.
9:36 of 1st period - Slapshot by Ian Cole.
9:36 of 1st period - Stopped by Calvin Pickard without a rebound.
9:37 of 1st period - Devin Shore wins face-off versus Anton Lander in Mulligans zone.
9:46 of 1st period - Patrick Wey is hit by Anton Lander and loses puck.
10:34 of 1st period - Snap shot by Jujhar Khaira.
10:34 of 1st period - Goal by Jujhar Khaira - Sasquatch : 1 - Mulligans : 0.
10:35 of 1st period - Sergey Kalinin wins face-off versus Anton Lander in neutral zone.
10:40 of 1st period - Snap shot by Garret Ross.
10:40 of 1st period - Shot Misses the Net.
10:42 of 1st period - Slapshot by Brett Pesce.
10:42 of 1st period - Stopped by Calvin Pickard without a rebound.
10:43 of 1st period - Anton Lander wins face-off versus Sergey Kalinin in Mulligans zone.
11:03 of 1st period - Snap shot by Garret Ross.
11:03 of 1st period - Deflect By Eric Tangradi.
11:03 of 1st period - Stopped by Calvin Pickard without a rebound.
11:04 of 1st period - Devin Shore wins face-off versus Maxime Macenauer in Mulligans zone.
11:13 of 1st period - Slapshot by Matt Halischuk.
11:13 of 1st period - Shot Misses the Net.
11:15 of 1st period - Snap shot by Matt Halischuk.
11:15 of 1st period - Goal by Matt Halischuk - Sasquatch : 2 - Mulligans : 0.
11:16 of 1st period - Jonathan Ferland wins face-off versus Sergey Kalinin in neutral zone.
11:43 of 1st period - Icing by Matt Halischuk.
11:44 of 1st period - Maxime Macenauer wins face-off versus Devin Shore in Sasquatch zone.
11:45 of 1st period - Snap shot by Matt Beleskey.
11:45 of 1st period - Shot Blocked by Devin Shore.
11:59 of 1st period - Snap shot by Jujhar Khaira.
11:59 of 1st period - Deflect By Matt Halischuk.
11:59 of 1st period - Shot Misses the Net.
11:59 of 1st period - Puck is out of play.
12:00 of 1st period - Anton Lander wins face-off versus Sergey Kalinin in Mulligans zone.
12:11 of 1st period - Wrist shot by Garret Ross.
12:11 of 1st period - Shot Misses the Net.
12:25 of 1st period - Matt Halischuk is hit by Logan Shaw and loses puck.
13:16 of 1st period - Slapshot by Sergey Kalinin.
13:16 of 1st period - Stopped by Calvin Pickard with a rebound.
14:12 of 1st period - Dmitri Orlov is hit by Joonas Donskoi and loses puck.
14:31 of 1st period - Dmitri Orlov is hit by Robby Fabbri and loses puck.
14:47 of 1st period - Dmitri Orlov is hit by Robby Fabbri and loses puck.
15:10 of 1st period - Snap shot by Devin Shore.
15:10 of 1st period - Stopped by Calvin Pickard with a rebound.
15:22 of 1st period - Slapshot by Logan Shaw.
15:22 of 1st period - Goal by Logan Shaw - Sasquatch : 2 - Mulligans : 1.
15:23 of 1st period - Anton Lander wins face-off versus Devin Shore in neutral zone.
15:48 of 1st period - Sergey Kalinin is hit by Maxime Macenauer and loses puck.
16:05 of 1st period - Minor Penalty to Sergey Kalinin for Interference.
16:06 of 1st period - Petr Straka wins face-off versus Anton Lander in Sasquatch zone.
16:19 of 1st period - Snap shot by Eric Tangradi.
16:19 of 1st period - Shot Blocked by Martin Marincin.
16:21 of 1st period - Snap shot by Eric Tangradi.
16:21 of 1st period - Shot Blocked by Patrick Wey.
16:31 of 1st period - Maxime Macenauer is hit by Devin Shore and loses puck.
16:40 of 1st period - Slapshot by Cody Goloubef.
16:40 of 1st period - Deflect By Maxime Macenauer.
16:40 of 1st period - Shot Misses the Net.
16:40 of 1st period - Puck is out of play.
16:41 of 1st period - Anton Lander wins face-off versus Devin Shore in Sasquatch zone.
16:44 of 1st period - Wrist shot by Eric Tangradi.
16:44 of 1st period - Goal by Eric Tangradi - Sasquatch : 2 - Mulligans : 2.
16:45 of 1st period - Anton Lander wins face-off versus Devin Shore in neutral zone.
17:12 of 1st period - Snap shot by Petr Straka.
17:12 of 1st period - Shot Misses the Net.
17:23 of 1st period - Off-side.
17:24 of 1st period - Maxime Macenauer wins face-off versus Quinton Howden in neutral zone.
18:36 of 1st period - Off-side.
18:37 of 1st period - Maxime Macenauer wins face-off versus Jujhar Khaira in neutral zone.
19:02 of 1st period - Jonathan Ferland is hit by Dylan DeMelo and loses puck.
19:13 of 1st period - Snap shot by Eric Tangradi.
19:13 of 1st period - Shot Misses the Net.
19:27 of 1st period - Dylan DeMelo is hit by Sven Baertschi.
19:45 of 1st period - Wrist shot by Teemu Hartikainen.
19:45 of 1st period - Shot Misses the Net.
Goals for this period are 2 for Sasquatch vs 2 for Mulligans.
Shots for this period are 11 for Sasquatch vs 9 for Mulligans.
2nd period
0:01 of 2nd period - Devin Shore wins face-off versus Anton Lander in neutral zone.
0:16 of 2nd period - Snap shot by Matt Halischuk.
0:16 of 2nd period - Shot Misses the Net.
0:26 of 2nd period - Cody Goloubef is hit by Teemu Hartikainen and loses puck.
0:37 of 2nd period - Slapshot by Quinton Howden.
0:37 of 2nd period - Shot Misses the Net.
0:39 of 2nd period - Snap shot by Dylan Sikura.
0:39 of 2nd period - Shot Blocked by Eric Tangradi.
0:54 of 2nd period - Logan Shaw is hit by Garret Ross and loses puck.
1:13 of 2nd period - Snap shot by Jujhar Khaira.
1:13 of 2nd period - Stopped by Calvin Pickard with a rebound.
1:15 of 2nd period - Snap shot by Matt Halischuk.
1:15 of 2nd period - Deflect By Jujhar Khaira.
1:15 of 2nd period - Goal by Jujhar Khaira - Sasquatch : 3 - Mulligans : 2.
1:16 of 2nd period - Maxime Macenauer wins face-off versus Devin Shore in neutral zone.
2:05 of 2nd period - Off-side.
2:06 of 2nd period - Christoffer Ehn wins face-off versus Anton Lander in neutral zone.
2:31 of 2nd period - Martin Marincin is hit by Ben Hutton and loses puck.
2:48 of 2nd period - Devin Shore is hit by Darren Dietz and loses puck.
3:03 of 2nd period - Snap shot by Sven Baertschi.
3:03 of 2nd period - Stopped by Joonas Korpisalo with a rebound.
3:05 of 2nd period - Slapshot by Michael Sdao.
3:05 of 2nd period - Shot Misses the Net.
3:07 of 2nd period - Snap shot by Michael Sdao.
3:07 of 2nd period - Shot Misses the Net.
3:23 of 2nd period - Wrist shot by Petr Straka.
3:23 of 2nd period - Shot Misses the Net.
3:43 of 2nd period - Snap shot by Drayson Bowman.
3:43 of 2nd period - Shot Blocked by Teemu Hartikainen.
3:45 of 2nd period - Slapshot by Dalton Thrower.
3:45 of 2nd period - Shot Misses the Net.
4:55 of 2nd period - Joonas Donskoi is hit by Petr Straka and loses puck.
5:06 of 2nd period - Snap shot by Brock Trotter.
5:06 of 2nd period - Shot Misses the Net.
5:20 of 2nd period - Cody Goloubef is hit by Ian Cole and loses puck.
5:33 of 2nd period - Quinton Howden is hit by Logan Shaw and loses puck.
6:08 of 2nd period - Minor Penalty to Jonathan Ferland for Holding.
6:09 of 2nd period - Devin Shore wins face-off versus Anton Lander in Mulligans zone.
6:40 of 2nd period - Eric Tangradi is hit by Petr Straka and loses puck.
7:19 of 2nd period - Devin Shore is hit by Sven Baertschi and loses puck.
7:26 of 2nd period - Michael Sdao is hit by Garret Ross and loses puck.
7:37 of 2nd period - Anton Lander is hit by Devin Shore.
7:51 of 2nd period - Snap shot by Christoffer Ehn.
7:51 of 2nd period - Stopped by Calvin Pickard with a rebound.
7:53 of 2nd period - Slapshot by Dylan DeMelo.
7:53 of 2nd period - Stopped by Calvin Pickard without a rebound.
7:54 of 2nd period - Anton Lander wins face-off versus Christoffer Ehn in Mulligans zone.
7:59 of 2nd period - Eric Tangradi is hit by Petr Straka and loses puck.
8:08 of 2nd period - Penalty to Jonathan Ferland is over, Jonathan Ferland is back on ice.
8:20 of 2nd period - Wrist shot by Quinton Howden.
8:20 of 2nd period - Stopped by Calvin Pickard without a rebound.
8:21 of 2nd period - Maxime Macenauer wins face-off versus Quinton Howden in Mulligans zone.
8:30 of 2nd period - Wrist shot by Matt Beleskey.
8:30 of 2nd period - Deflect By Martin Marincin.
8:30 of 2nd period - Shot Misses the Net.
8:30 of 2nd period - Puck is out of play.
8:31 of 2nd period - Maxime Macenauer wins face-off versus Quinton Howden in Sasquatch zone.
8:38 of 2nd period - Snap shot by Matt Beleskey.
8:38 of 2nd period - Stopped by Joonas Korpisalo without a rebound.
8:39 of 2nd period - Quinton Howden wins face-off versus Maxime Macenauer in Sasquatch zone.
8:50 of 2nd period - Wrist shot by Teemu Hartikainen.
8:50 of 2nd period - Stopped by Calvin Pickard with a rebound.
9:31 of 2nd period - Wrist shot by Drayson Bowman.
9:31 of 2nd period - Stopped by Joonas Korpisalo with a rebound.
9:33 of 2nd period - Slapshot by Cody Goloubef.
9:33 of 2nd period - Deflect By Drayson Bowman.
9:33 of 2nd period - Shot Misses the Net.
9:33 of 2nd period - Puck is out of play.
9:34 of 2nd period - Matt Halischuk wins face-off versus Anton Lander in Sasquatch zone.
10:18 of 2nd period - Quinton Howden is hit by Joonas Donskoi and loses puck.
10:23 of 2nd period - Snap shot by Joonas Donskoi.
10:23 of 2nd period - Stopped by Joonas Korpisalo with a rebound.
10:25 of 2nd period - Slapshot by Drayson Bowman.
10:25 of 2nd period - Shot Misses the Net.
10:27 of 2nd period - Wrist shot by Joonas Donskoi.
10:27 of 2nd period - Shot Misses the Net.
10:29 of 2nd period - Snap shot by Darren Dietz.
10:29 of 2nd period - Shot Blocked by Martin Marincin.
10:39 of 2nd period - Snap shot by Brock Trotter.
10:39 of 2nd period - Shot Misses the Net.
11:01 of 2nd period - Snap shot by Petr Straka.
11:01 of 2nd period - Shot Blocked by Dalton Thrower.
11:03 of 2nd period - Wrist shot by Sergey Kalinin.
11:03 of 2nd period - Stopped by Calvin Pickard without a rebound.
11:04 of 2nd period - Sergey Kalinin wins face-off versus Anton Lander in Mulligans zone.
11:15 of 2nd period - Snap shot by Garret Ross.
11:15 of 2nd period - Shot Blocked by Michael Sdao.
11:17 of 2nd period - Slapshot by Ian Cole.
11:17 of 2nd period - Stopped by Calvin Pickard with a rebound.
11:31 of 2nd period - Snap shot by Matt Halischuk.
11:31 of 2nd period - Stopped by Calvin Pickard with a rebound.
11:34 of 2nd period - Icing by Michael Sdao.
11:35 of 2nd period - Maxime Macenauer wins face-off versus Devin Shore in Mulligans zone.
11:40 of 2nd period - Cody Goloubef is hit by Jujhar Khaira and loses puck.
11:59 of 2nd period - Slapshot by Michael Sdao.
11:59 of 2nd period - Stopped by Joonas Korpisalo without a rebound.
12:00 of 2nd period - Anton Lander wins face-off versus Sergey Kalinin in Sasquatch zone.
12:01 of 2nd period - Slapshot by Jonathan Ferland.
12:01 of 2nd period - Shot Misses the Net.
12:13 of 2nd period - Snap shot by Garret Ross.
12:13 of 2nd period - Shot Misses the Net.
12:22 of 2nd period - Icing by Petr Straka.
12:23 of 2nd period - Sam Bennett wins face-off versus Sergey Kalinin in Sasquatch zone.
12:24 of 2nd period - Snap shot by Joonas Donskoi.
12:24 of 2nd period - Shot Blocked by Petr Straka.
12:40 of 2nd period - Snap shot by Sergey Kalinin.
12:40 of 2nd period - Stopped by Calvin Pickard with a rebound.
12:42 of 2nd period - Slapshot by Petr Straka.
12:42 of 2nd period - Shot Misses the Net.
12:57 of 2nd period - Minor Penalty to Matt Beleskey for Tripping.
12:58 of 2nd period - Devin Shore wins face-off versus Anton Lander in Mulligans zone.
13:02 of 2nd period - Snap shot by Matt Halischuk.
13:02 of 2nd period - Shot Misses the Net.
13:04 of 2nd period - Snap shot by Garret Ross.
13:04 of 2nd period - Shot Misses the Net.
13:06 of 2nd period - Slapshot by Ian Cole.
13:06 of 2nd period - Stopped by Calvin Pickard without a rebound.
13:07 of 2nd period - Devin Shore wins face-off versus Anton Lander in Mulligans zone.
13:58 of 2nd period - Wrist shot by Maxime Macenauer.
13:58 of 2nd period - Stopped by Joonas Korpisalo without a rebound.
13:59 of 2nd period - Devin Shore wins face-off versus Anton Lander in Sasquatch zone.
14:52 of 2nd period - Darren Dietz is hit by Garret Ross and loses puck.
14:57 of 2nd period - Penalty to Matt Beleskey is over, Matt Beleskey is back on ice.
15:25 of 2nd period - Robbie Russo is hit by Christoffer Ehn and loses puck.
16:23 of 2nd period - Snap shot by Robby Fabbri.
16:23 of 2nd period - Stopped by Joonas Korpisalo with a rebound.
16:25 of 2nd period - Slapshot by Dalton Thrower.
16:25 of 2nd period - Shot Blocked by Patrick Wey.
17:00 of 2nd period - Wrist shot by Teemu Hartikainen.
17:00 of 2nd period - Deflect By Quinton Howden.
17:00 of 2nd period - Goal by Quinton Howden - Sasquatch : 4 - Mulligans : 2.
17:01 of 2nd period - Anton Lander wins face-off versus Devin Shore in neutral zone.
17:04 of 2nd period - Snap shot by Eric Tangradi.
17:04 of 2nd period - Shot Blocked by Martin Marincin.
17:16 of 2nd period - Snap shot by Anton Lander.
17:16 of 2nd period - Shot Misses the Net.
17:35 of 2nd period - Backhand shot by Patrick Wey.
17:35 of 2nd period - Shot Blocked by Cody Goloubef.
17:45 of 2nd period - Minor Penalty to Garret Ross for Hooking.
17:46 of 2nd period - Jujhar Khaira wins face-off versus Anton Lander in Sasquatch zone.
18:40 of 2nd period - Sergey Kalinin is hit by Eric Tangradi and loses puck.
19:13 of 2nd period - Slapshot by Patrick Wey.
19:13 of 2nd period - Stopped by Calvin Pickard without a rebound.
19:14 of 2nd period - Maxime Macenauer wins face-off versus Devin Shore in Mulligans zone.
19:45 of 2nd period - Penalty to Garret Ross is over, Garret Ross is back on ice.
19:52 of 2nd period - Icing by Jerry D'Amigo.
19:53 of 2nd period - Quinton Howden wins face-off versus Sam Bennett in Sasquatch zone.
19:59 of 2nd period - Off-side.
Goals for this period are 2 for Sasquatch vs 0 for Mulligans.
Shots for this period are 13 for Sasquatch vs 7 for Mulligans.
3rd period
0:01 of 3rd period - Anton Lander wins face-off versus Devin Shore in neutral zone.
0:57 of 3rd period - Snap shot by Teemu Hartikainen.
0:57 of 3rd period - Shot Blocked by Ben Hutton.
1:38 of 3rd period - Martin Marincin is hit by Dalton Thrower and loses puck.
1:49 of 3rd period - Brett Pesce is hit by Maxime Macenauer and loses puck.
2:32 of 3rd period - Robby Fabbri is hit by Garret Ross.
2:36 of 3rd period - Slapshot by Sergey Kalinin.
2:36 of 3rd period - Shot Misses the Net.
3:16 of 3rd period - Slapshot by Logan Shaw.
3:16 of 3rd period - Stopped by Joonas Korpisalo without a rebound.
3:17 of 3rd period - Christoffer Ehn wins face-off versus Maxime Macenauer in Sasquatch zone.
3:42 of 3rd period - Snap shot by Eric Tangradi.
3:42 of 3rd period - Deflect By Jonathan Ferland.
3:42 of 3rd period - Shot Misses the Net.
3:42 of 3rd period - Puck is out of play.
3:43 of 3rd period - Anton Lander wins face-off versus Garret Ross in Sasquatch zone.
3:44 of 3rd period - Snap shot by Eric Tangradi.
3:44 of 3rd period - Deflect By Anton Lander.
3:44 of 3rd period - Shot Misses the Net.
3:44 of 3rd period - Puck is out of play.
3:45 of 3rd period - Anton Lander wins face-off versus Sergey Kalinin in Sasquatch zone.
3:48 of 3rd period - Snap shot by Jonathan Ferland.
3:48 of 3rd period - Shot Misses the Net.
3:56 of 3rd period - Dalton Thrower is hit by Garret Ross and loses puck.
4:23 of 3rd period - Wrist shot by Garret Ross.
4:23 of 3rd period - Shot Blocked by Robbie Russo.
4:25 of 3rd period - Wrist shot by Sergey Kalinin.
4:25 of 3rd period - Stopped by Calvin Pickard with a rebound.
4:27 of 3rd period - Slapshot by Ian Cole.
4:27 of 3rd period - Stopped by Calvin Pickard with a rebound.
4:29 of 3rd period - Slapshot by Ian Cole.
4:29 of 3rd period - Stopped by Calvin Pickard with a rebound.
4:35 of 3rd period - Snap shot by Petr Straka.
4:35 of 3rd period - Stopped by Calvin Pickard without a rebound.
4:36 of 3rd period - Maxime Macenauer wins face-off versus Devin Shore in Mulligans zone.
4:49 of 3rd period - Snap shot by Matt Beleskey.
4:49 of 3rd period - Shot Blocked by Jujhar Khaira.
4:51 of 3rd period - Wrist shot by Logan Shaw.
4:51 of 3rd period - Shot Misses the Net.
5:40 of 3rd period - Snap shot by Jujhar Khaira.
5:40 of 3rd period - Shot Misses the Net.
5:42 of 3rd period - Slapshot by Martin Marincin.
5:42 of 3rd period - Stopped by Calvin Pickard with a rebound.
5:44 of 3rd period - Wrist shot by Devin Shore.
5:44 of 3rd period - Shot Blocked by Ben Hutton.
5:46 of 3rd period - Slapshot by Matt Halischuk.
5:46 of 3rd period - Stopped by Calvin Pickard without a rebound.
5:47 of 3rd period - Anton Lander wins face-off versus Sergey Kalinin in Mulligans zone.
5:54 of 3rd period - Wrist shot by Eric Tangradi.
5:54 of 3rd period - Stopped by Joonas Korpisalo with a rebound.
6:12 of 3rd period - Darren Dietz is hit by Matt Halischuk and loses puck.
6:21 of 3rd period - Wrist shot by Jujhar Khaira.
6:21 of 3rd period - Stopped by Calvin Pickard without a rebound.
6:22 of 3rd period - Anton Lander wins face-off versus Devin Shore in Mulligans zone.
7:22 of 3rd period - Slapshot by Sergey Kalinin.
7:22 of 3rd period - Shot Misses the Net.
7:24 of 3rd period - Snap shot by Sergey Kalinin.
7:24 of 3rd period - Shot Misses the Net.
7:38 of 3rd period - Wrist shot by Anton Lander.
7:38 of 3rd period - Deflect By Jonathan Ferland.
7:38 of 3rd period - Stopped by Joonas Korpisalo with a rebound.
7:55 of 3rd period - Dalton Thrower is hit by Christoffer Ehn.
8:05 of 3rd period - Snap shot by Brock Trotter.
8:05 of 3rd period - Stopped by Calvin Pickard without a rebound.
8:06 of 3rd period - Sergey Kalinin wins face-off versus Anton Lander in Mulligans zone.
8:39 of 3rd period - Wrist shot by Quinton Howden.
8:39 of 3rd period - Stopped by Calvin Pickard with a rebound.
8:41 of 3rd period - Snap shot by Patrick Wey.
8:41 of 3rd period - Stopped by Calvin Pickard with a rebound.
8:57 of 3rd period - Snap shot by Matt Halischuk.
8:57 of 3rd period - Shot Blocked by Joonas Donskoi.
8:59 of 3rd period - Snap shot by Brett Pesce.
8:59 of 3rd period - Deflect By Sam Bennett.
8:59 of 3rd period - Stopped by Calvin Pickard with a rebound.
9:01 of 3rd period - Slapshot by Martin Marincin.
9:01 of 3rd period - Stopped by Calvin Pickard with a rebound.
9:24 of 3rd period - Minor Penalty to Dylan DeMelo for Holding.
9:25 of 3rd period - Anton Lander wins face-off versus Sergey Kalinin in Sasquatch zone.
10:57 of 3rd period - Icing by Jonathan Ferland.
10:58 of 3rd period - Sergey Kalinin wins face-off versus Anton Lander in Mulligans zone.
11:07 of 3rd period - Slapshot by Ben Hutton.
11:07 of 3rd period - Shot Misses the Net.
11:09 of 3rd period - Wrist shot by Logan Shaw.
11:09 of 3rd period - Stopped by Joonas Korpisalo without a rebound.
11:10 of 3rd period - Maxime Macenauer wins face-off versus Sergey Kalinin in Sasquatch zone.
11:24 of 3rd period - Penalty to Dylan DeMelo is over, Dylan DeMelo is back on ice.
11:38 of 3rd period - Cody Goloubef is hit by Quinton Howden and loses puck.
12:48 of 3rd period - Snap shot by Logan Shaw.
12:48 of 3rd period - Shot Misses the Net.
13:04 of 3rd period - Snap shot by Drayson Bowman.
13:04 of 3rd period - Shot Misses the Net.
13:22 of 3rd period - Snap shot by Eric Tangradi.
13:22 of 3rd period - Shot Blocked by Martin Marincin.
13:44 of 3rd period - Slapshot by Darren Dietz.
13:44 of 3rd period - Stopped by Joonas Korpisalo without a rebound.
13:45 of 3rd period - Maxime Macenauer wins face-off versus Matt Halischuk in Sasquatch zone.
13:46 of 3rd period - Snap shot by Cody Goloubef.
13:46 of 3rd period - Stopped by Joonas Korpisalo without a rebound.
13:47 of 3rd period - Maxime Macenauer wins face-off versus Devin Shore in Sasquatch zone.
15:17 of 3rd period - Wrist shot by Patrick Wey.
15:17 of 3rd period - Stopped by Calvin Pickard without a rebound.
15:18 of 3rd period - Devin Shore wins face-off versus Maxime Macenauer in Mulligans zone.
15:23 of 3rd period - Wrist shot by Devin Shore.
15:23 of 3rd period - Shot Misses the Net.
15:31 of 3rd period - Slapshot by Logan Shaw.
15:31 of 3rd period - Stopped by Joonas Korpisalo with a rebound.
15:43 of 3rd period - Wrist shot by Drayson Bowman.
15:43 of 3rd period - Stopped by Joonas Korpisalo without a rebound.
15:44 of 3rd period - Quinton Howden wins face-off versus Sam Bennett in Sasquatch zone.
16:15 of 3rd period - Wrist shot by Eric Tangradi.
16:15 of 3rd period - Stopped by Joonas Korpisalo without a rebound.
16:16 of 3rd period - Anton Lander wins face-off versus Devin Shore in Sasquatch zone.
16:21 of 3rd period - Snap shot by Eric Tangradi.
16:21 of 3rd period - Stopped by Joonas Korpisalo without a rebound.
16:22 of 3rd period - Devin Shore wins face-off versus Anton Lander in Sasquatch zone.
16:46 of 3rd period - Off-side.
16:47 of 3rd period - Sam Bennett wins face-off versus Quinton Howden in neutral zone.
16:49 of 3rd period - Off-side.
16:50 of 3rd period - Quinton Howden wins face-off versus Sam Bennett in neutral zone.
17:17 of 3rd period - Slapshot by Joonas Donskoi.
17:17 of 3rd period - Shot Blocked by Ian Cole.
17:19 of 3rd period - Snap shot by Drayson Bowman.
17:19 of 3rd period - Shot Misses the Net.
17:21 of 3rd period - Snap shot by Darren Dietz.
17:21 of 3rd period - Deflect By Sam Bennett.
17:21 of 3rd period - Shot Blocked by Patrick Wey.
17:21 of 3rd period - Puck is out of play.
17:22 of 3rd period - Anton Lander wins face-off versus Matt Halischuk in Sasquatch zone.
17:31 of 3rd period - Snap shot by Jujhar Khaira.
17:31 of 3rd period - Goal by Jujhar Khaira - Sasquatch : 5 - Mulligans : 2.
17:32 of 3rd period - Anton Lander wins face-off versus Devin Shore in neutral zone.
17:37 of 3rd period - Slapshot by Cody Goloubef.
17:37 of 3rd period - Stopped by Joonas Korpisalo with a rebound.
17:59 of 3rd period - Petr Straka is hit by Logan Shaw and loses puck.
18:10 of 3rd period - Snap shot by Logan Shaw.
18:10 of 3rd period - Stopped by Joonas Korpisalo with a rebound.
18:42 of 3rd period - Snap shot by Sven Baertschi.
18:42 of 3rd period - Stopped by Joonas Korpisalo with a rebound.
19:00 of 3rd period - Slapshot by Devin Shore.
19:00 of 3rd period - Goal by Devin Shore - Sasquatch : 6 - Mulligans : 2.
19:01 of 3rd period - Anton Lander wins face-off versus Devin Shore in neutral zone.
19:07 of 3rd period - Off-side.
19:08 of 3rd period - Devin Shore wins face-off versus Anton Lander in neutral zone.
19:17 of 3rd period - Snap shot by Devin Shore.
19:17 of 3rd period - Shot Blocked by Jonathan Ferland.
19:19 of 3rd period - Wrist shot by Jujhar Khaira.
19:19 of 3rd period - Shot Misses the Net.
19:21 of 3rd period - Snap shot by Dylan DeMelo.
19:21 of 3rd period - Shot Blocked by Cody Goloubef.
19:23 of 3rd period - Slapshot by Devin Shore.
19:23 of 3rd period - Shot Misses the Net.
19:33 of 3rd period - Snap shot by Sergey Kalinin.
19:33 of 3rd period - Shot Misses the Net.
19:35 of 3rd period - Backhand shot by Dylan DeMelo.
19:35 of 3rd period - Stopped by Calvin Pickard with a rebound.
19:37 of 3rd period - Snap shot by Petr Straka.
19:37 of 3rd period - Stopped by Calvin Pickard without a rebound.
19:38 of 3rd period - Sergey Kalinin wins face-off versus Maxime Macenauer in Mulligans zone.
19:53 of 3rd period - Brett Pesce is hit by Darren Dietz and loses puck.
Goals for this period are 2 for Sasquatch vs 0 for Mulligans.
Shots for this period are 17 for Sasquatch vs 13 for Mulligans.
Back to the Top